 Dungeon Crawl Stone Soup version 0.21.1-1-g345015f (webtiles) character file.

2063 Inarius the Grappler (level 9, -6/73 HPs)
             Began as a Ghoul Monk on Feb 5, 2018.
             Was a Believer of Makhleb.
             Killed by divine providence
             ... invoked by an orc priest
              (15 damage)
             ... on level 8 of the Dungeon.
             The game lasted 00:12:50 (5801 turns).

Inarius the Grappler (Ghoul Monk)                   Turns: 5801, Time: 00:12:50

Health: -6/73      AC: 14    Str: 12 (18) XL:     9   Next: 25%
Magic:  8/8        EV: 12    Int:  8 (10) God:    Makhleb [**....]
Gold:   295        SH:  0    Dex: 13 (16) Spells: 8/8 levels left

rFire    + + +     SeeInvis .     - Unarmed
rCold    + . .     Gourm    .   (no shield)
rNeg     + + +     Faith    .   s - +2 chain mail {rF+}
rPois    ∞         Spirit   .   m - +1 helmet
rElec    +         Reflect  .   (no cloak)
rCorr    +         Harm     .   (no gloves)
MR       .....                  (no boots)
Stlth    ..........             (no amulet)
HPRegen  0.00/turn              (no ring)
MPRegen  0.11/turn              r - ring of fire

@: brilliant, agile, resistant, flying, rotting
A: rotting body, claws 1, carnivore, cold resistance 1, negative energy
resistance 3, inhibited regeneration, torment resistance, unbreathing
a: Minor Destruction, Renounce Religion


You were on level 8 of the Dungeon.
You worshipped Makhleb.
Makhleb was pleased with you.
You were not hungry.

You visited 2 branches of the dungeon, and saw 9 of its levels.

You collected 295 gold pieces.

Inventory:

Armour
 l - a +0 plate armour
 m - a +1 helmet (worn)
 s - a +2 chain mail of fire resistance (worn)
Jewellery
 r - a ring of fire (right claw)
 D - a +5 ring of protection {unknown}
 E - an uncursed ring of protection from magic {unknown}
Wands
 i - a wand of clouds (4)
 F - a wand of flame (30)
Scrolls
 a - 3 scrolls of teleportation
 j - 4 scrolls of amnesia {unknown}
 n - 9 scrolls of identify {unknown}
 q - 2 scrolls of remove curse
 v - a scroll of blinking
 x - 2 scrolls of magic mapping {unknown}
 y - a scroll of fog
Potions
 c - a potion of brilliance
 e - a potion of magic
 h - a potion of mutation
 p - a potion of flight
 u - 2 potions of resistance
 w - a potion of berserk rage
 B - a potion of ambrosia
Comestibles
 b - 19 rations
 d - a chunk of flesh


   Skills:
 + Level 4.8 Fighting
 + Level 5.1 Armour
 + Level 3.9 Dodging
 - Level 2.1 Stealth
 + Level 10.6 Unarmed Combat


You had 8 spell levels left.
You didn't know any spells.

Dungeon Overview and Level Annotations

Branches:
Dungeon (8/15)             Temple (1/1) D:4
   Lair: D:8-11

Altars:
Ashenzari
Cheibriados
Dithmenos
Elyvilon
Gozag
Hepliaklqana
Kikubaaqudgha
Makhleb
Nemelex Xobeh
Okawaru
Qazlal
Ru
Sif Muna
Trog
Uskayaw
Vehumet
Wu Jian
Xom
Yredelemnul
Zin
The Shining One

Annotations:
D:3 Goblin1989's ghost, amateur DsMo
D:8 othur's ghost, novice MiFi


Innate Abilities, Weirdness & Mutations

Your body is rotting away.
You thrive on raw meat.
You are immune to poison.
You have sharp fingernails.
You are carnivorous and can eat meat at any time.
Your flesh is cold resistant. (rC+)
You are immune to negative energy. (rN+++)
You do not regenerate when monsters are visible.
You are immune to unholy pain and torment.
You can survive without breathing.


Message History

Othur's ghost closely misses you.
You claw othur's ghost!
Othur's ghost is heavily damaged.
The orc priest miscasts a cantrip.
You scratch othur's ghost but do no damage.
Othur's ghost is heavily damaged.
Othur's ghost hits you!
* * * LOW HITPOINT WARNING * * *
Your chain mail prevents you from hitting othur's ghost.
Othur's ghost is heavily damaged.
Othur's ghost hits you.
* * * LOW HITPOINT WARNING * * *
Your chain mail prevents you from hitting othur's ghost.
Othur's ghost is heavily damaged.
Othur's ghost hits you.
* * * LOW HITPOINT WARNING * * *
The orc priest casts a cantrip, but nothing happens.
The orc priest calls down the wrath of Beogh upon you.
Beogh smites you!
You die...

#.# ## #.# ..#.# #.# #.#.#
#[# #.#.# #.##### ###.#.#
#.....# .....# # ##.###.##
#####..### ..
####.......###........###....
'...............@W.o.olo'....
####...#.#.###..##....#o#o...
# #)......# #..##..#.# # .
#####.### #..##..#.# #.#
#<.###.#.# #.# #..# #.#.# #.#
#... ..... #.# #### #.### ###
#.# #.#


You could see an iguana, 2 orc priests, othur's ghost and 2 orcs.

Vanquished Creatures
  Sigmund (D:6)
  Menkaure (D:6)
  2 sky beasts
  A phantom (D:8)
  2 black bears (D:7)
  3 ogres
  A centaur (D:6)
  Blork the orc (D:5)
  2 bullfrogs
  3 wights (D:8)
  A crimson imp (D:5)
  A bullfrog zombie (D:8)
  A bullfrog skeleton (D:3)
  4 orc priests
  5 orc wizards
  6 worker ants
  A hound skeleton (D:5)
  3 gnolls (D:5)
  3 adders
  3 shadow imps
  2 oozes
  3 worms
  A dart slug (D:5)
  6 leopard geckos
  16 orcs
  2 giant cockroaches
  4 goblins
  5 hobgoblins
  11 jackals
  3 quokkas
  3 bats
  3 frilled lizards
  5 kobolds
  A quokka zombie (D:6)
  5 rats
115 creatures vanquished.

Notes
Turn   | Place    | Note
-------+----------+-------------------------------------------
     0 | D:1      | Inarius the Ghoul Monk began the quest for the Orb.
     0 | D:1      | Reached XP level 1. HP: 19/19 MP: 0/0
    92 | D:1      | Reached XP level 2. HP: 10/26 MP: 1/1
   503 | D:1      | Reached XP level 3. HP: 23/33 MP: 2/2
  1299 | D:2      | Reached skill level 4 in Unarmed Combat
  1955 | D:3      | Reached XP level 4. HP: 38/40 MP: 3/3
  2209 | D:3      | Noticed Goblin1989's ghost (amateur DsMo)
  2460 | D:4      | Reached skill level 1 in Armour
  2460 | D:4      | Reached XP level 5. HP: 39/46 MP: 4/4
  2463 | D:4      | Reached skill level 5 in Unarmed Combat
  2612 | D:4      | Noticed an ogre
  2634 | D:4      | Killed an ogre
  2634 | D:4      | Reached XP level 6. HP: 33/52 MP: 5/5
  2653 | D:4      | Reached skill level 6 in Unarmed Combat
  3067 | D:4      | Found a staircase to the Ecumenical Temple.
  3076 | Temple   | Entered the Ecumenical Temple
  3177 | Temple   | Became a worshipper of Makhleb the Destroyer
  3177 | Temple   | Reached * piety under Makhleb
  3177 | Temple   | Reached ** piety under Makhleb
  3241 | D:5      | Entered Level 5 of the Dungeon
  3250 | D:5      | Noticed Blork the orc
  3263 | D:5      | Killed Blork the orc
  3263 | D:5      | Reached XP level 7. HP: 53/59 MP: 6/6
  3434 | D:5      | Reached skill level 7 in Unarmed Combat
  3762 | D:5      | Reached XP level 8. HP: 66/66 MP: 7/7
  3785 | D:5      | Reached skill level 8 in Unarmed Combat
  3969 | D:6      | Noticed Sigmund
  3997 | D:6      | Killed Sigmund
  4171 | D:6      | Reached skill level 9 in Unarmed Combat
  4387 | D:6      | Noticed Menkaure
  4394 | D:6      | Killed Menkaure
  4748 | D:7      | Reached skill level 10 in Unarmed Combat
  4748 | D:7      | Reached XP level 9. HP: 59/72 MP: 8/8
  5669 | D:8      | Reached skill level 5 in Armour
  5768 | D:8      | Noticed othur's ghost (novice MiFi)
  5801 | D:8      | Killed from afar by an orc priest

Skill      XL: |  1  2  3  4  5  6  7  8  9 |
---------------+----------------------------+-----
Dodging        | 3 |  3.9
Unarmed Combat | 4 5 6 7 10 | 10.6
Armour         | 1 2 3 4 5 |  5.1
Fighting       | 4 |  4.8
Stealth        | |  2.1

Action                   |  1- 3 |  4- 6 |  7- 9 || total
-------------------------+-------+-------+-------++-------
Melee: Unarmed           |   140 |   177 |   226 ||   543
       Punch             |     1 |     1 |     8 ||    10
  Use: Scroll            |     2 |     1 |     7 ||    10
       Potion            |       |     3 |    12 ||    15
 Stab: Sleeping          |     4 |       |       ||     4
       Invisible         |       |     2 |       ||     2
  Eat: Chunk             |    16 |    16 |    20 ||    52
Armor: Robe              |    13 |       |       ||    13
       Plate armour      |    73 |    93 |     2 ||   168
       Chain mail        |       |    18 |   106 ||   124
       Skin              |       |       |     1 ||     1
Dodge: Dodged            |    69 |    42 |    61 ||   172
